 Dungeon Crawl Stone Soup version 0.31.0-32-g396128a36d (webtiles) character file.

Game seed: 4817463264529971943

1229 VAZYLA the Cudgeller (level 8, -7/49 HPs)
             Began as a Gargoyle Fighter on Apr 21, 2024.
             Was a Believer of Okawaru.
             Mangled by a caustic shrike skeleton (13 damage)
             ... on level 1 of the Abyss.
             The game lasted 00:08:51 (5050 turns).

VAZYLA the Cudgeller (Gargoyle Fighter)             Turns: 5050, Time: 00:08:51

Health: -7/49      AC: 13    Str: 22    XL:     8   Next: 48%
Magic:  11/11      EV: 29    Int:  9    God:    Okawaru [**....]
Gold:   268        SH:  4    Dex:  9    Spells: 13/16 levels left

rFire   x x .        t - +2 flail (holy)
rCold   . . .        c - +0 buckler
rNeg    + . .        b - +1 scale mail
rPois   ∞            h - +0 helmet
rElec   +            (no cloak)
rCorr   .            (no gloves)
SInv    .            l - +0 pair of boots
Will    .....        e - amulet of the acrobat Stlth
                     z - +5 ring of evasion
HPRegen 0.28/turn    (no ring)
MPRegen 0.12/turn

%: random rage (9%), acrobat
@: acrobatic
A: sickness immunity, AC +5, negative energy resistance 1, electricity
resistance, torment resistance 1, petrification resistance, deformed body,
subdued magic 1, [berserk 2], [low MP 2], [heat vulnerability 2]
a: Renounce Religion, Heroism


You were on level 1 of the Abyss.
You worshipped Okawaru.
Okawaru was pleased with you.
You visited 1 branch of the dungeon, and saw 5 of its levels.
You visited the Abyss 1 time.

You collected 268 gold pieces.

Inventory:

Hand Weapons
 a - a +0 flail
 j - a +0 mace
 t - a +2 flail of holy wrath (weapon)
Missiles
 n - a throwing net
 p - 9 poisoned darts (quivered)
Armour
 b - a +1 scale mail (worn)
 c - a +0 buckler (worn)
 h - a +0 helmet (worn)
 l - a +0 pair of boots (worn)
Jewellery
 e - an amulet of the acrobat (around neck)
 z - a +5 ring of evasion (left hand)
Wands
 s - a wand of mindburst (2)
 y - a wand of light (4)
 A - a wand of polymorph (5)
 E - a wand of iceblast (13)
Scrolls
 i - a scroll of revelation {unknown}
 k - 2 scrolls of enchant weapon
 m - 2 scrolls of identify
 o - 4 scrolls of amnesia
 w - a scroll of fog {unknown}
 B - a scroll of brand weapon {unknown}
 C - a scroll of butterflies {unknown}
 F - a scroll of poison {unknown}
Potions
 d - a potion of might
 f - a potion of invisibility {unknown}
 q - a potion of ambrosia {unknown}
 u - 2 potions of mutation {unknown}
 v - a potion of cancellation
 x - 2 potions of curing
 D - 2 potions of berserk rage {unknown}


   Skills:
 + Level 5.3 Fighting
 * Level 5.6 Maces & Flails
 + Level 5.1 Armour
 - Level 3.2 Shields
 * Level 4.6 Spellcasting
 + Level 2.2 Ice Magic
 + Level 2.6 Invocations


You had 13 spell levels left.
You knew the following spells:

 Your Spells              Type           Power      Damage    Failure   Level
a - Hailstorm             Conj/Ice       3%         3d5       78%         3

Your spell library contained the following spells:

 Spells                   Type           Power      Damage    Failure   Level
 Anguish                  Hex/Necr       0%         N/A       100%        4
 Cause Fear               Hex            0%         N/A       100%        4
 Enfeeble                 Hex            0%         N/A       100%        7
 Summon Ice Beast         Ice/Summ       Unusable   N/A       N/A         3
 Sculpt Simulacrum        Ice/Alch       Unusable   N/A       N/A         6

Dungeon Overview and Level Annotations

Branches:
Dungeon (5/15)
 Temple: D:4-7

Altars:
Cheibriados
Dithmenos
Elyvilon
Makhleb
Nemelex Xobeh
Okawaru
Ru
Xom


Innate Abilities, Weirdness & Mutations

You are immune to sickness and miasma.
Your stone body is resilient. (AC +5)
You are immune to poison.
You resist negative energy. (rN+)
You are resistant to electric shocks. (rElec)
You are resistant to unholy torment.
You are immune to petrification.
Armour fits poorly on your strangely shaped body.
Your spells are a little easier to cast, but a little less powerful.
[You have an uncontrollable temper.]
[Your magical capacity is very low. (-20% MP)]
[You are very vulnerable to heat. (rF--)]


Message History

* * * LOW HITPOINT WARNING * * *
You hold your ground!
The caustic shrike skeleton misses you. The thrashing horror misses you.
The thrashing horror closely misses you.
A tengu reaver skeleton comes into view.
The thrashing horror closely misses you.
You block the thrashing horror's attack.
The thrashing horror barely misses you.
The thrashing horror completely misses you.
The thrashing horror attacks as it pursues you!
You block the thrashing horror's attack. x2
The thrashing horror tramples you but does no damage.
The thrashing horror completely misses you.
The thrashing horror closely misses you.
The thrashing horror barely misses you.
The thrashing horror attacks as it pursues you!
The thrashing horror tramples you.
* * * LOW HITPOINT WARNING * * *
You hold your ground!
The thrashing horror misses you.
The thrashing horror closely misses you.
The thrashing horror completely misses you.
An eidolon comes into view.
The eidolon gives a chilling moan.
The thrashing horror attacks as it pursues you!
The thrashing horror closely misses you.
The thrashing horror tramples you but does no damage.
The thrashing horror completely misses you. x2
The caustic shrike skeleton closely misses you.
The caustic shrike skeleton attacks as it pursues you!
The caustic shrike skeleton closely misses you.
The caustic shrike skeleton completely misses you.
The caustic shrike skeleton completely misses you.
The thrashing horror attacks as it pursues you!
You block the thrashing horror's attack.
The thrashing horror barely misses you.
The caustic shrike skeleton barely misses you.
The thrashing horror completely misses you.
The thrashing horror misses you. The caustic shrike skeleton claws you!
You die...

.. . # .# ##.# .#
.....#####..###.
#......@X#.....#
.....#..Z.# . .#
#.#..###.#...#
#..#.#.Z...##..#.#
#......#... ##..
#..##....#.# ..#
#..#.#. ..# ##
###.#.#..#..
#.#.#.##..W#


You could see a thrashing horror and a caustic shrike skeleton.

Vanquished Creatures
  Sigmund (D:2)
  2 ogres
  A phantom (D:5)
  A kobold brigand (D:5)
  A gnoll sergeant (D:5)
  2 scorpions
  2 howler monkeys
  A hound (D:5)
  2 sleepcaps
  4 iguanas
  16 gnolls
  7 adders
  11 orcs
  9 bats
  10 endoplasms
  3 giant cockroaches
  3 goblins
  7 hobgoblins
  12 jackals (D:5)
  7 quokkas
  7 ball pythons
  4 frilled lizards
  4 kobolds
  5 rats (D:1)
122 creatures vanquished.

Notes
Turn   | Place    | Note
-------+----------+-------------------------------------------
     0 | D:1      | VAZYLA the Gargoyle Fighter began the quest for the Orb.
     0 | D:1      | Reached XP level 1. HP: 14/14 MP: 1/1
    99 | D:1      | Reached XP level 2. HP: 19/19 MP: 2/2
   229 | D:1      | Reached skill level 1 in Spellcasting
   373 | D:1      | Reached XP level 3. HP: 23/23 MP: 4/4
   563 | D:2      | Noticed Sigmund
  1033 | D:2      | Killed Sigmund
  1034 | D:2      | Reached XP level 4. HP: 29/29 MP: 5/8
  1034 | D:2      | Reached XP level 5. HP: 33/33 MP: 5/9
  1657 | D:3      | Found a white marble altar of Elyvilon.
  1660 | D:3      | Found a burning altar of Makhleb.
  1672 | D:3      | Found a sacrificial altar of Ru.
  1674 | D:3      | Found a shimmering altar of Xom.
  1678 | D:3      | Found an iron altar of Okawaru.
  1732 | D:3      | Reached XP level 6. HP: 38/38 MP: 10/10
  1928 | D:3      | Found a faded altar of an unknown god.
  2028 | D:3      | Became a worshipper of Warmaster Okawaru
  2858 | D:4      | Found a snail-covered altar of Cheibriados.
  2881 | D:4      | Learned a level 3 spell: Hailstorm
  2990 | D:4      | Reached skill level 1 in Invocations
  2990 | D:4      | Reached XP level 7. HP: 28/44 MP: 10/12
  3312 | D:4      | Found a shadowy altar of Dithmenos.
  3429 | D:4      | Reached skill level 1 in Ice Magic
  3443 | D:4      | Reached * piety under Okawaru
  3475 | D:5      | Entered Level 5 of the Dungeon
  3823 | D:5      | Reached skill level 5 in Maces & Flails
  3823 | D:5      | Reached XP level 8. HP: 24/48 MP: 14/14
  3975 | D:5      | Reached skill level 5 in Fighting
  4270 | D:5      | Reached skill level 5 in Armour
  4282 | D:5      | Reached ** piety under Okawaru
  4546 | D:5      | Found a sparkling altar of Nemelex Xobeh.
  4635 | Abyss:1  | Found a corrupted altar of Lugonu.
  4635 | Abyss:1  | Cast into level 1 of the Abyss (gnoll)
  4684 | Abyss:1  | Noticed a glowing orange brain
  4757 | Abyss:1  | Noticed an efreet
  4786 | Abyss:1  | Found a corrupted altar of Lugonu.
  4786 | Abyss:1  | Noticed a wretched star
  4937 | Abyss:1  | Noticed a wretched star
  4990 | Abyss:1  | Gained mutation: Armour fits poorly on your strangely
                  | shaped body. [a neqoxec]
  4997 | Abyss:1  | Noticed an apocalypse crab
  5010 | Abyss:1  | Noticed a caustic shrike skeleton
  5026 | Abyss:1  | Noticed a thrashing horror
  5035 | Abyss:1  | Gained mutation: Your spells are a little easier to cast,
                  | but a little less powerful. [a neqoxec]
  5045 | Abyss:1  | Noticed an eidolon
  5050 | Abyss:1  | Mangled by a caustic shrike skeleton

Illustrated notes

Levels and vault maps discovered:
D:1:      saegor_arrival_simple_e, layout_rooms, minmay_pentomino_r2
D:2:      cheibrodos_old_hovel, layout_basic, uniq_sigmund
D:3:      layout_basic, minitemple, shapermc_ecumenical_altar_starsandcircs,
          minmay_vboxes
D:4:      layout_loops_ring, nicolae_dithmenos_through_a_glass_darkly,
          mainiacjoe_overflow_small_starburst
D:5:      lemuel_castle_with_subvaults [lemuel_castle_interior_carwin_2],
          layout_rooms, nemelex_altar_shiori
Abyss:1:  base:
D:5

Skill      XL: |  1  2  3  4  5  6  7  8 |
---------------+-------------------------+-----
Spellcasting   | 1 2 3 4 |  4.6
Fighting       | 4 5 |  5.3
Maces & Flails | 3 4 5 |  5.6
Armour         | 4 5 |  5.1
Invocations    | 1 2 |  2.6
Ice Magic      | 1 2 |  2.2
Shields        | |  3.2

Action                     |  1- 3 |  4- 6 |  7- 9 || total
---------------------------+-------+-------+-------++-------
  Melee: Flail             |    50 |    59 |   233 ||   342
         Mace              |    56 |    61 |       ||   117
  Throw: Dart              |     2 |     3 |     7 ||    12
    Use: Scroll            |       |       |    11 ||    11
 Armour: Scale mail        |    80 |    79 |   157 ||   316
  Dodge: Dodged            |    67 |    68 |   313 ||   448
  Block: Buckler           |    30 |    26 |    70 ||   126
